 Dungeon Crawl Stone Soup version 0.22-b1-59-g0aedee7 (webtiles) character file.

156 Lilu the Conjurer (level 5, -6/28 HPs)
             Began as a Deep Elf Conjurer on Aug 9, 2018.
             Killed by divine providence
             ... invoked by an orc priest
              (11 damage)
             ... on level 3 of the Dungeon.
             The game lasted 00:05:37 (2269 turns).

Lilu the Conjurer (Deep Elf Conjurer)               Turns: 2269, Time: 00:05:37

Health: -6/28      AC:  2    Str:  6    XL:     5   Next: 14%
Magic:  2/11       EV: 13    Int: 20    God:
Gold:   101        SH:  0    Dex: 15    Spells: 3/10 levels left

rFire    . . .     SeeInvis .   e - +1 short sword (protect)
rCold    . . .     Gourm    .   (no shield)
rNeg     . . .     Faith    .   a - +0 robe
rPois    .         Spirit   .   (no helmet)
rElec    .         Reflect  .   (no cloak)
rCorr    .         Harm     .   (no gloves)
MR       .....                  (no boots)
Stlth    ++........             (no amulet)
HPRegen  0.09/turn              (no ring)
MPRegen  0.12/turn              (no ring)

@: no status effects
A: no striking features
a: no special abilities


You were on level 3 of the Dungeon.
You were not hungry.

You visited 1 branch of the dungeon, and saw 3 of its levels.

You collected 101 gold pieces.

Inventory:

Hand Weapons
 e - a +1 short sword of protection (weapon)
Missiles
 f - 142 stones (quivered)
 g - 56 sling bullets
Armour
 a - a +0 robe (worn)
Scrolls
 b - 3 scrolls of teleportation {unknown}
 d - 4 scrolls of identify {unknown}
 m - 2 scrolls of remove curse {unknown}
 n - a scroll of fear {unknown}
Potions
 h - 2 potions of curing {unknown}
 i - 2 potions of haste {unknown}
 k - a potion of flight {unknown}
 l - a potion of agility {unknown}
 o - a potion of resistance {unknown}
Comestibles
 c - 6 rations
 j - a chunk of flesh


   Skills:
 - Level 2.4 Dodging
 - Level 2.4 Stealth
 - Level 3.0 Spellcasting
 + Level 7.1 Conjurations


You had 3 spell levels left.
You knew the following spells:

 Your Spells              Type           Power        Failure   Level  Hunger
a - Magic Dart            Conj           ####         1%          1    None
b - Searing Ray           Conj           ####..       1%          2    ##.....
c - Iskenderun's Mystic   Conj           ####....     8%          4    ####...

Your spell library contained the following spells:

 Spells                   Type           Power        Failure   Level  Hunger
 Fulminant Prism          Conj/Hex       ###.......   32%         4    ####...
 Dazzling Spray           Conj/Hex       ###...       10%         3    ###....
 Force Lance              Conj/Tloc      ###.....     32%         4    ####...


Dungeon Overview and Level Annotations

Branches:
Dungeon (3/15)

Altars:


Message History

The orc priest looks encouraged for a moment.
Casting: Searing Ray (safe; 1% risk of failure)
Confirm with . or Enter, or press ? or * to list all spells.
Aiming: Searing Ray (safe; 1% risk of failure)
Press: ? - help, Shift-Dir - straight line, f/p - orc priest
Aim: an orc priest, wielding a dagger and wearing a scale mail (moderately wounded)
The searing ray hits the orc priest.
The orc priest is almost dead. (Press . to maintain the ray.)
The orc priest mumbles some strange prayers to Beogh against you.
Pain shoots through your body!
* * * LOW HITPOINT WARNING * * *
The orc priest casts a cantrip, but nothing happens.
The searing ray hits the orc priest.
You kill the orc priest!
Your Conjurations skill increases to level 7!
You have reached level 5!
The orc priest calls down the wrath of Beogh upon you.
Beogh smites you!
You die...

#.####....###.....###
#..####.........### ####
##..............# #...
##....#....#...#######...
................)....[..
.
.......####.....#####...
$....###..# #.....# #...
.....####.###.....# ####
.....oo))@..>...###
.....#####..#.### ###
##..... #######


You could see an orc priest and an orc.

Vanquished Creatures
  An orc priest (D:3)
  4 adders
  An ooze (D:2)
  2 worms (D:2)
  4 dart slugs
  2 leopard geckos (D:2)
  3 orcs (D:3)
  7 bats
  3 giant cockroaches
  10 goblins
  8 hobgoblins
  4 jackals (D:2)
  A quokka (D:2)
  2 frilled lizards
  6 kobolds
  2 rats
60 creatures vanquished.

Notes
Turn   | Place    | Note
-------+----------+-------------------------------------------
     0 | D:1      | Lilu the Deep Elf Conjurer began the quest for the Orb.
     0 | D:1      | Reached XP level 1. HP: 10/10 MP: 6/6
   459 | D:1      | Reached XP level 2. HP: 11/15 MP: 5/8
   464 | D:1      | Reached skill level 5 in Conjurations
   905 | D:1      | Reached XP level 3. HP: 19/19 MP: 6/9
  1265 | D:2      | Reached skill level 6 in Conjurations
  1388 | D:2      | Learned a level 2 spell: Searing Ray
  1485 | D:2      | Found a faded altar of an unknown god.
  1506 | D:2      | Reached XP level 4. HP: 16/24 MP: 7/10
  1660 | D:2      | Learned a level 4 spell: Iskenderun's Mystic Blast
  2269 | D:3      | Reached skill level 7 in Conjurations
  2269 | D:3      | Reached XP level 5. HP: 5/28 MP: 3/11
  2269 | D:3      | Killed from afar by an orc priest

Skill      XL: |  1  2  3  4 |
---------------+-------------+-----
Conjurations   | 5 6 7 |  7.1
Dodging        | |  2.4
Stealth        | |  2.4
Spellcasting   | |  3.0

Action                   |  1- 3 |  4- 6 || total
-------------------------+-------+-------++-------
Melee: Short sword       |    60 |    43 ||   103
 Cast: Magic Dart        |    46 |    19 ||    65
       Searing Ray       |       |     4 ||     4
 Stab: Sleeping          |     2 |     1 ||     3
  Eat: Chunk             |     2 |     2 ||     4
Armor: Robe              |    24 |    17 ||    41
Dodge: Dodged            |    55 |    36 ||    91
